 Dungeon Crawl Stone Soup version 0.29-a0-617-g7a6b98fccd (console) character file.

Game seed: 8582339931360232036

3429 om the Thaumaturge (level 10, -14/69 HPs)
             Began as a Djinni Hedge Wizard on June 17, 2022.
             Was a Believer of Makhleb.
             Shot with a sling bullet by Joseph (20 damage)
             ... on level 8 of the Dungeon.
             The game lasted 00:22:32 (11387 turns).

om the Thaumaturge (Djinni Hedge Wizard)           Turns: 11387, Time: 00:22:33

Health: -14/69     AC:  6    Str: 11    XL:     10   Next: 25%
Gold:   444        EV: 13    Int: 22    God:    Makhleb [**....] SH:  0 Dex: 18

rFire   + + .      SeeInvis .   r - +4 quarterstaff (freeze)
rCold   x . .      Faith    .   (shield currently unavailable)
rNeg    . . .      Spirit   .   b - +0 robe
rPois   ∞          Reflect  .   f - +0 helmet
rElec   .          Harm     .   e - +0 cloak
rCorr   +          Rampage  .   c - +1 pair of gloves {Dex+3}
Will    +....                   (boots unavailable)
Stlth   ++........              (no amulet)
HPRegen 0.21/turn               u - +6 ring of intelligence
MPRegen 0.00/turn               x - ring of resist corrosion

@: flying
A: sickness immunity, fire resistance 2, cold vulnerability 1, float, innate
caster, HP casting, extra vitality 1
a: Renounce Religion, Minor Destruction


You were on level 8 of the Dungeon.
You worshipped Makhleb.
Makhleb was pleased with you.
You visited 2 branches of the dungeon, and saw 9 of its levels.
You also visited: Ossuary.

You collected 444 gold pieces.

Inventory:

Hand Weapons
 k - a +0 dagger
 r - a +4 quarterstaff of freezing (weapon)
Armour
 b - a +0 robe (worn)
 c - a +1 pair of gloves of dexterity (worn)
 e - a +0 cloak (worn)
 f - a +0 helmet (worn)
 s - a +0 cloak
Magical Staves
 w - a staff of poison
Jewellery
 j - a ring of ice
 n - an amulet of faith
 u - a +6 ring of intelligence (left hand)
 x - a ring of resist corrosion (right hand)
 C - a ring of ice
Wands
 z - a wand of iceblast (17)
Scrolls
 a - 2 scrolls of amnesia
 g - 2 scrolls of enchant weapon
 h - 2 scrolls of poison
 i - 2 scrolls of brand weapon
 m - a scroll of blinking
 v - 3 scrolls of teleportation
 y - a scroll of summoning {unknown}
 A - a scroll of identify
 D - 2 scrolls of fog
Potions
 d - a potion of flight
 l - a potion of might {unknown}
 o - a potion of brilliance
 p - a potion of mutation {unknown}
 q - 4 potions of degeneration
 B - a potion of berserk rage
 E - a potion of lignification


   Skills:
 * Level 4.5 Fighting
 - Level 0.2 Short Blades
 - Level 0.1 Axes
 + Level 7.5 Staves
 - Level 3.0 Dodging
 - Level 2.0 Stealth
 * Level 8.0 Spellcasting


You had 4 spell levels left.
You knew the following spells:

 Your Spells              Type           Power      Damage    Failure   Level
a - Magic Dart            Conj           100%       1d8       1%          1
b - Blink                 Tloc           88%        N/A       1%          2
c - Call Imp              Summ           44%        N/A       1%          2
d - Slow                  Hex            100%       N/A       1%          1
e - Conjure Flame         Conj/Fire      44%        6-21      1%          3
f - Mephitic Cloud        Conj/Pois/Air  44%        N/A       1%          3
g - Summon Small Mammal   Summ           100%       N/A       1%          1
h - Ensorcelled Hibernat  Hex/Ice        88%        N/A       1%          2
i - Vampiric Draining     Necr           44%        2d9       1%          3
j - Frozen Ramparts       Ice            88%        1d10      1%          3
Your spell library was empty.

Dungeon Overview and Level Annotations

Branches:
Dungeon (8/15)             Temple (1/1) D:4         Ossuary (visited)
   Lair: D:8-11

Altars:
Ashenzari
Dithmenos
Elyvilon
Fedhas
Gozag
Hepliaklqana
Makhleb
Okawaru
Sif Muna
Uskayaw
Vehumet
Xom
Yredelemnul
Zin
The Shining One

Annotations:
D:5 1 runed translucent door, shadownightmare's ghost, novice DrVM
D:8 Joseph


Innate Abilities, Weirdness & Mutations

You are immune to sickness and miasma.
You are immune to poison.
Your flesh is very heat resistant. (rF++)
You are vulnerable to cold. (rC-)
You float through the air rather than walking.
You learn spells naturally, not from books.
Your magical power is your life essence.
You have superior vitality. (+4 MHP)


Message History

Found a stone staircase leading up.
The gnoll barely misses you.
The gnoll sergeant hits you with a +0 spear.
The gnoll sergeant attacks as you move away!
The gnoll sergeant hits you with a +0 spear!
Joseph shoots a sling bullet.
The sling bullet hits you! The gnoll sergeant barely misses you.
The gnoll hits you from afar with a +0 spear.
A hound comes into view.
The gnoll hits you but does no damage.
The hound moves out of view.
Joseph zaps a wand.
Your will is overpowered!
You are confused.
Your magical effects are unravelling.
You feel magically purged.
You feel less confused.
Joseph shoots a sling bullet.
The sling bullet hits you!!
* * * LOW HITPOINT WARNING * * *
The gnoll sergeant misses you.
The gnoll hits you from afar with a +0 spear.
* * * LOW HITPOINT WARNING * * *
Joseph zaps a wand.
Your will is overpowered!
You are confused.
The gnoll hits you but does no damage.
The gnoll sergeant hits you but does no damage.
A gnoll shaman comes into view. It is wielding a +0 whip.
The gnoll shaman shouts!
Joseph zaps a wand.
You easily resist.
The gnoll completely misses you.
There is a stone staircase leading up here.
The hound bites you.
* * * LOW HITPOINT WARNING * * *
Joseph zaps a wand.
You easily resist.
The gnoll hits you from afar with a +0 spear.
* * * LOW HITPOINT WARNING * * *
The gnoll sergeant barely misses you. The hound misses you.
You fly upwards.
There is a stone staircase leading down here.
The hound closely misses you.
You fly downwards.
Level annotation: Joseph You feel less confused.
Joseph shoots a sling bullet.
The sling bullet hits you!!
You die...

#......... #........
... #....... ###..#
#...... . .....
#..... .. ##..###....
..# #....# #h.## ..#
##8..8####@.#..#
###.......#......##
.#.................#
.......<.g.....##g...
.........g....## ...
.............## ..
...........@.# .
..........#...#
.....#....##...#
.....#....##.....
.........## #....


You could see Joseph, a gnoll sergeant, a gnoll shaman, a hound and a gnoll.

Vanquished Creatures
  Pikel (D:5)
  A hornet (D:7)
  A wyvern (D:7)
  A steam dragon (D:7)
  2 water moccasins
  An orc warrior (D:7)
  An ice beast (D:7)
  3 black bears
  An ogre (D:7)
  A centaur (D:7)
  A lemure (D:5)
  A phantom (D:7)
  2 elf zombies (Ossuary)
  A necrophage (D:7)
  2 bullfrogs
  A gnoll sergeant (D:7)
  2 scorpions
  2 howler monkeys (D:7)
  2 centaur zombies (Ossuary)
  6 hounds
  An orc priest (D:4)
  2 human zombies (Ossuary)
  3 jellies
  3 iguanas
  5 orc wizards
  3 hound zombies (Ossuary)
  3 mummies (Ossuary)
  3 adders (D:5)
  6 gnolls
  A river rat (D:5)
  2 white imps (D:6)
  An ufetubus (Temple)
  6 adder zombies (Ossuary)
  4 worms
  3 dart slugs
  17 orcs
  8 endoplasms
  2 giant cockroaches
  7 goblins
  13 hobgoblins
  2 jackals (D:5)
  3 quokkas
  3 ball pythons
  A bat (D:1)
  2 frilled lizards (D:1)
  3 goblin zombies
  2 hobgoblin zombies (Ossuary)
  2 jackal zombies (Ossuary)
  3 kobolds
  2 kobold zombies (Ossuary)
  An orc zombie (Ossuary)
  3 quokka zombies
  2 rats
  4 rat zombies (Ossuary)
159 creatures vanquished.

Vanquished Creatures (collateral kills)
  A lemure (D:5)
  Crazy Yiuf (D:2)
  3 orcs (D:3)
  An endoplasm (D:2)
  2 giant cockroaches
  2 jackals (D:1)
  A kobold (D:1)
  2 quokka zombies (Ossuary)
  A rat (D:2)
  A rat zombie (Ossuary)
15 creatures vanquished.

Vanquished Creatures (others)
  A gnoll (D:7)
1 creature vanquished.

Grand Total: 175 creatures vanquished

Notes
Turn   | Place    | Note
-------+----------+-------------------------------------------
     0 | D:1      | om the Djinni Hedge Wizard began the quest for the Orb.
     0 | D:1      | om set off with the following spells memorised: Magic Dart,
                  | Blink, Call Imp, Slow, Conjure Flame, Mephitic Cloud.
     0 | D:1      | Reached XP level 1. HP: 15/15 MP: 0/0
   501 | D:1      | Reached XP level 2. HP: 1/21 MP: 0/0
   918 | D:1      | Found a faded altar of an unknown god.
  1235 | D:1      | Reached skill level 3 in Spellcasting
  1235 | D:1      | Reached XP level 3. HP: 16/25 MP: 0/0
  1235 | D:1      | Learned a level 1 spell: Summon Small Mammal
  2505 | D:2      | Reached XP level 4. HP: 13/31 MP: 0/0
  3034 | D:2      | Found a runed translucent door.
  3035 | D:2      | Noticed Crazy Yiuf
  3685 | D:2      | Killed Crazy Yiuf
  3686 | D:2      | Reached XP level 5. HP: 6/35 MP: 0/0
  3686 | D:2      | Learned a level 2 spell: Ensorcelled Hibernation
  4232 | D:3      | Reached skill level 4 in Spellcasting
  4868 | D:4      | Reached skill level 1 in Staves
  4929 | D:4      | Found a staircase to the Ecumenical Temple.
  4955 | D:4      | Noticed a black bear
  4985 | Temple   | Entered the Ecumenical Temple
  5270 | Temple   | Became a worshipper of Makhleb the Destroyer
  5298 | Temple   | Killed a black bear
  5299 | Temple   | Reached XP level 6. HP: 17/40 MP: 0/0
  5655 | D:4      | Reached XP level 7. HP: 37/45 MP: 0/0
  5655 | D:4      | Learned a level 3 spell: Vampiric Draining
  6057 | D:4      | Found an opulent altar of Gozag.
  6236 | D:4      | Reached skill level 5 in Spellcasting
  6452 | D:5      | Entered Level 5 of the Dungeon
  6458 | D:5      | Noticed a water moccasin
  6466 | D:5      | Killed a water moccasin
  6570 | D:5      | Found a broken altar of Ashenzari.
  6643 | D:5      | Identified the +5 quarterstaff of the Doomed God {drain,
                  | Will+ Int+5 Dex+7}
  6675 | D:5      | Reached * piety under Makhleb
  6680 | D:5      | Found a sand-covered staircase.
  6687 | Ossuary  | Entered an ossuary
  6791 | Ossuary  | Reached XP level 8. HP: 48/50 MP: 0/0
  7288 | Ossuary  | Upgraded the game from 0.29-a0-613-gf2c431b9b9 to
                  | 0.29-a0-617-g7a6b98fccd
  7512 | Ossuary  | Reached ** piety under Makhleb
  7550 | Ossuary  | Reached skill level 5 in Staves
  7756 | D:5      | Reached skill level 6 in Spellcasting
  8024 | D:5      | Noticed Pikel
  8511 | D:5      | Found a shimmering altar of Xom.
  8877 | D:5      | Killed Pikel
  8878 | D:5      | Reached XP level 9. HP: 36/55 MP: 0/0
  8878 | D:5      | Learned a level 3 spell: Frozen Ramparts
  9060 | D:5      | Found a runed translucent door.
  9061 | D:5      | Noticed shadownightmare's ghost (novice DrVM)
  9181 | D:6      | Reached skill level 7 in Spellcasting
 10133 | D:7      | Reached skill level 1 in Fighting
 10519 | D:7      | Reached XP level 10. HP: 48/67 MP: 0/0
 10661 | D:7      | Found a white marble altar of Elyvilon.
 11024 | D:7      | Reached skill level 8 in Spellcasting
 11374 | D:8      | Noticed Joseph
 11387 | D:8      | Shot with a sling bullet by Joseph

Illustrated notes

Levels and vault maps discovered:
D:1:      pf_arrival_petrified_forest, layout_basic,
          chequers_ecumenical_altar_island
D:2:      layout_basic, uniq_crazy_yiuf_cottage
D:3:      layout_loops_ring
D:4:      layout_basic, nicolae_gozag_seed_capital, temple_statues
D:5:      layout_gridville, mainiacjoe_overflow_small_starburst,
          mainiacjoe_overflow_alcove_2, ebering_ghost_inner_flame,
          gup_sewer_entry_spiral, enter_ossuary_4, uniq_pikel
D:6:      nicolae_BIG_FREAKIN_CUBE, layout_loops_ring, minmay_misc_feat_rugged
D:7:      layout_basic, nicolae_overflow_crystal_walls,
          nicolae_elyvilon_peaceful_grove, hangedman_decor_peaks_small
D:8:      layout_cave_pools, minitemple, david_lair_shrubbed, serial_gnoll_camp,
          gnoll_camp_medium_02, gnoll_camp_mini_doghouse, gnoll_camp_huts_basic,
          gnoll_camp_mini_basic, gnoll_camp_mini_hut, gnoll_camp_mini_hut,
          uniq_gastronok, uniq_joseph
Temple:   zaba_magenta_temple

Skill      XL: |  1  2  3  4  5  6  7  8  9 10 |
---------------+-------------------------------+-----
Spellcasting   | 3 4 5 6 7 8 |  8.0
Stealth        | 2 |  2.0
Dodging        | 3 |  3.0
Staves         | 2 4 6 7 |  7.5
Fighting       | 3 4 |  4.5
Short Blades   | |  0.2
Axes           | |  0.1

Action                   |  1- 3 |  4- 6 |  7- 9 | 10-12 || total
-------------------------+-------+-------+-------+-------++-------
Melee: Hand axe          |     5 |       |       |       ||     5
       Dagger            |    11 |    15 |       |       ||    26
       Quarterstaff      |       |    36 |   289 |     9 ||   334
 Cast: Magic Dart        |    66 |    73 |    90 |    34 ||   263
       Slow              |     4 |       |       |       ||     4
       Call Imp          |     2 |     6 |     7 |       ||    15
       Summon Small Mamm |     3 |     2 |     1 |       ||     6
       Conjure Flame     |     2 |     1 |     3 |     1 ||     7
       Mephitic Cloud    |       |     5 |     2 |     3 ||    10
       Ensorcelled Hiber |       |     2 |     3 |       ||     5
       Blink             |       |     2 |     4 |       ||     6
       Vampiric Draining |       |       |    28 |     5 ||    33
       Frozen Ramparts   |       |       |     2 |       ||     2
  Use: Scroll            |       |     9 |     7 |       ||    16
       Potion            |       |       |     5 |     1 ||     6
 Stab: Confused          |       |     2 |       |     2 ||     4
       Sleeping          |       |     2 |     7 |       ||     9
       Distracted        |       |       |     1 |       ||     1
Armor: Robe              |     9 |    33 |   111 |     8 ||   161
Dodge: Dodged            |    19 |    82 |   231 |    19 ||   351

Table legend: (Time is in decaauts)
 A = Elapsed time spent in this place.
 B = Non-inter-level travel time spent in this place.
 C = Inter-level travel time spent in this place.
 D = Time resting spent in this place.
 E = Time spent auto-exploring this place.
 F = Levels seen in this place.
 G = Mean time per level.
                   A        B        C        D        E       F      G
               +--------+--------+--------+--------+--------+-----+--------+
         Total |  11419 |  11152 |    267 |   2625 |   6817 |  10 | 1141.9 |
       Dungeon |  10043 |   9827 |    216 |   2595 |   5859 |   8 | 1255.4 |
        Temple |    318 |    267 |     51 |      0 |    241 |   1 |  318.0 |
       Ossuary |   1057 |   1057 |      0 |     30 |    717 |   1 | 1057.0 |
               +--------+--------+--------+--------+--------+-----+--------+

Top non-repeatable levels by time:
     D:1: 2283 daAuts
     D:2: 1695 daAuts
     D:4: 1589 daAuts
     D:5: 1309 daAuts
     D:7: 1236 daAuts
 Ossuary: 1057 daAuts
     D:6: 1033 daAuts
     D:3: 875 daAuts
  Temple: 318 daAuts
     D:8: 20 daAuts
